 Dungeon Crawl Stone Soup version 0.29-a0-393-g47a863cc1b (webtiles) character file.

Game seed: 5777650471155908374

100 siradein the Conjurer (level 4, -5/24 HPs)
             Began as a Tengu Conjurer on May 10, 2022.
             Killed from afar by Sigmund (6 damage)
             ... with a magic dart
             ... on level 2 of the Dungeon.
             The game lasted 00:03:15 (1929 turns).

siradein the Conjurer (Tengu Conjurer)              Turns: 1929, Time: 00:03:16

Health: -5/24      AC:  2    Str:  7    XL:     4   Next: 74%
Magic:  3/10       EV: 12    Int: 20    God:
Gold:   99         SH:  0    Dex: 13    Spells: 6/9 levels left

rFire   . . .      SeeInvis .   k - +2 flail (protect)
rCold   . . .      Faith    .   (no shield)
rNeg    . . .      Spirit   .   a - +0 robe
rPois   .          Reflect  .   (helmet restricted)
rElec   .          Harm     .   (no cloak)
rCorr   .          Rampage  .   (no gloves)
Will    .....                   (boots unavailable)
Stlth   ++........              (no amulet)
HPRegen 0.08/turn               (no ring)
MPRegen 0.12/turn               (no ring)

@: no status effects
A: beak, talons 3
a: no special abilities


You were on level 2 of the Dungeon.
You visited 1 branch of the dungeon, and saw 2 of its levels.

You collected 99 gold pieces.

Inventory:

Hand Weapons
 k - a +2 flail of protection (weapon)
Armour
 a - a +0 robe (worn)
Scrolls
 c - a scroll of torment {unknown}
 e - a scroll of teleportation {unknown}
 f - 3 scrolls of identify {unknown}
 g - a scroll of poison {unknown}
 h - a scroll of fog {unknown}
Potions
 b - a potion of magic
 d - a potion of invisibility {unknown}
 i - a potion of curing {unknown}
 j - a potion of cancellation {unknown}


   Skills:
 - Level 2.1 Dodging
 - Level 2.0 Stealth
 + Level 3.4 Spellcasting
 + Level 6.7 Conjurations


You had 6 spell levels left.
You knew the following spells:

 Your Spells              Type           Power      Damage    Failure   Level
a - Magic Dart            Conj           100%       1d8       1%          1
b - Searing Ray           Conj           60%        2d6       1%          2

Your spell library contained the following spells:

 Spells                   Type           Power      Damage    Failure   Level
 Dazzling Flash           Conj/Hex       32%        N/A       11%         3
 Fulminant Prism          Conj/Hex       8%         3d7       34%         4
 Iskenderun's Mystic Bla  Conj/Tloc      16%        2d5       34%         4


Dungeon Overview and Level Annotations

Branches:
Dungeon (2/15)

Altars:

Annotations:
D:2 Sigmund


Innate Abilities, Weirdness & Mutations

You have a beak for a mouth.
You have claws for feet.


Message History

Aiming: Searing Ray (safe; 1% risk of failure)
Press: ? - help, Shift-Dir - straight line, f/p - Sigmund
Aim: Sigmund, wielding a +0 scythe and wearing a +0 robe (moderately wounded, 77% to hit)
The searing ray hits Sigmund.
Sigmund is moderately wounded. (Press . to maintain the ray.)
The searing ray hits Sigmund.
Sigmund is heavily wounded.
The searing ray hits Sigmund.
Sigmund is severely wounded.
Sigmund hits you from afar with a +0 scythe.
The searing ray hits Sigmund.
Sigmund is almost dead.
You finish channelling your searing ray.
Sigmund drinks a potion.
Sigmund is healed!
Casting: Searing Ray (safe; 1% risk of failure)
Confirm with . or Enter, or press ? or * to list all spells.
Aiming: Searing Ray (safe; 1% risk of failure)
Press: ? - help, Shift-Dir - straight line, f/p - Sigmund
Aim: Sigmund, wielding a +0 scythe and wearing a +0 robe (77% to hit)
The searing ray hits Sigmund.
Sigmund is lightly wounded. (Press . to maintain the ray.) Sigmund misses you.
Sigmund casts a spell at you.
You are confused.
You bump into the rock wall.
Sigmund casts a spell at you. The puff of flame hits you!
You bump into the rock wall.
You're too confused to move!
Sigmund casts a spell at you. The magic dart hits you!
* * * LOW HITPOINT WARNING * * *
You bump into the rock wall.
You're too confused to move!
You feel less confused. Sigmund casts a spell at you. The magic dart hits you.
You die...

#..[..#
#########.#
#..#######
#.#
#.........
#.# ##.# #.#
#.# ### #.#
#.# #.. #.#
#@# #.# #.#
#.# #.# #@#
#.# #.# #.#
#.# #.######
#.# #......#
#.###...##.#
#.#
#.##.#.#.#.##
#.#
#...##.#)#..#
#.#
####.#.#)#.##
#.# ##..##..#
#.#


You could see Sigmund.

Vanquished Creatures
  Jessica (D:2)
  An orc wizard (D:2)
  2 adders (D:2)
  A worm (D:2)
  2 orcs (D:2)
  2 ball pythons (D:1)
  2 endoplasms
  3 giant cockroaches
  3 hobgoblins (D:2)
  2 kobolds (D:2)
  2 bats (D:2)
  A frilled lizard (D:1)
  3 goblins (D:2)
  2 rats
27 creatures vanquished.

Notes
Turn   | Place    | Note
-------+----------+-------------------------------------------
     0 | D:1      | siradein the Tengu Conjurer began the quest for the Orb.
     0 | D:1      | Reached XP level 1. HP: 10/10 MP: 4/4
   243 | D:1      | Reached XP level 2. HP: 15/15 MP: 4/6
   331 | D:1      | Found a faded altar of an unknown god.
   732 | D:2      | Learned a level 2 spell: Searing Ray
  1101 | D:2      | Reached XP level 3. HP: 19/19 MP: 5/7
  1212 | D:2      | Reached skill level 6 in Conjurations
  1354 | D:2      | Noticed Jessica
  1363 | D:2      | Killed Jessica
  1364 | D:2      | Reached XP level 4. HP: 24/24 MP: 4/9
  1912 | D:2      | Noticed Sigmund
  1925 | D:2      | HP: 1/24 [Sigmund/magic dart (9)]
  1929 | D:2      | Killed from afar by Sigmund

Illustrated notes

Levels and vault maps discovered:
D:1:      minmay_arrival_shoal_huts, layout_loops_cross,
          shapermc_ecumenical_altar_mp_ritualfount, minmay_fountain_box
D:2:      layout_loops_ring, serial_aquarium, aquarium_bridge_straight
          [aquarium_subvault_bridge, aquarium_subvault_window,
          aquarium_subvault_bridge, aquarium_subvault_wall],
          aquarium_window_corridor_3, aquarium_window_1, aquarium_window_fake,
          aquarium_view_2a, aquarium_view_2a, minmay_pentomino_q2, uniq_sigmund,
          uniq_jessica

Skill      XL: |  1  2  3 |
---------------+----------+-----
Conjurations   | 6 |  6.7
Spellcasting   | 3 |  3.4
Dodging        | |  2.1
Stealth        | |  2.0

Action                   |  1- 3 |  4- 6 || total
-------------------------+-------+-------++-------
 Cast: Magic Dart        |    34 |    17 ||    51
       Searing Ray       |     2 |     3 ||     5
Armor: Robe              |     4 |       ||     4
Dodge: Dodged            |     6 |     3 ||     9

Table legend: (Time is in decaauts)
 A = Elapsed time spent in this place.
 B = Non-inter-level travel time spent in this place.
 C = Inter-level travel time spent in this place.
 D = Time resting spent in this place.
 E = Time spent auto-exploring this place.
 F = Levels seen in this place.
 G = Mean time per level.
                   A        B        C        D        E       F      G
               +--------+--------+--------+--------+--------+-----+--------+
         Total |   1929 |   1908 |     21 |      0 |   1708 |   2 |  964.5 |
       Dungeon |   1929 |   1908 |     21 |      0 |   1708 |   2 |  964.5 |
               +--------+--------+--------+--------+--------+-----+--------+

Top non-repeatable levels by time:
     D:2: 1282 daAuts
     D:1: 647 daAuts
